 Dungeon Crawl Stone Soup version 0.19-a0-1107-gc676ff4 (webtiles) character file.

560 Ihatecarrots00 the Skirmisher (level 7, -6/62 HPs)
             Began as a Minotaur Berserker on Aug 5, 2016.
             Was a Priest of Trog.
             Killed from afar by an orc wizard (8 damage)
             ... with a puff of flame
             ... on level 4 of the Dungeon on Aug 9, 2016.
             The game lasted 00:17:03 (3839 turns).

Ihatecarrots00 the Skirmisher (Minotaur Berserker)  Turns: 3839, Time: 00:17:04

Health: -6/62      AC:  6    Str: 24    XL:     7   Next: 9%
Magic:  6/6        EV: 13    Int:  4    God:    Trog [***...]
Gold:   229        SH:  0    Dex:  9    Spells: 0 memorised, 6 levels left

rFire  . . .     SeeInvis .     a - +0 hand axe
rCold  . . .     Gourm    .     E - +1 ring mail
rNeg   . . .     Faith    .     (no shield)
rPois  .         Spirit   .     (helmet restricted)
rElec  .         Dismiss  .     (no cloak)
rCorr  .         Reflect  .     (no gloves)
SustAt .         Harm     .     (no boots)
MR     .....                    (no amulet)
Stlth  +.........               (no ring)
                                (no ring)

@:
A: retaliatory headbutt, horns 2
a: Berserk, Trog's Hand, Burn Spellbooks, Renounce Religion


You were on level 4 of the Dungeon.
You worshipped Trog.
Trog was most pleased with you.
You were hungry.

You visited 1 branch of the dungeon, and saw 4 of its levels.

You collected 229 gold pieces.

Inventory:

Hand Weapons
 a - a +0 hand axe (weapon)
Armour
 b - a +0 animal skin
 u - a +0 leather armour
 y - a +0 ring mail
 E - a +1 ring mail (worn)
Jewellery
 q - a cursed -2 ring of strength
Wands
 s - a wand of lightning (4/15)
 B - a wand of teleportation (6/9)
Scrolls
 d - a scroll of magic mapping
 g - a scroll of fog
 C - 2 scrolls of recharging
Potions
 e - a potion of degeneration
 f - a potion of curing {unknown}
 i - 4 potions of heal wounds {unknown}
 k - a potion of invisibility {unknown}
 l - a potion of mutation {unknown}
 o - a potion of flight
 t - a potion of lignification {unknown}
 v - a potion of resistance {unknown}
 w - 3 potions of might {unknown}
Comestibles
 c - 2 bread rations
 j - 3 fruits
 m - a beef jerky
 n - a royal jelly
 r - a slice of pizza


   Skills:
 + Level 5.9 Fighting
 + Level 5.9 Axes
 + Level 3.6 Armour
 + Level 5.1 Dodging
 + Level 1.1 Stealth


You had 6 spell levels left.
You didn't know any spells.

Dungeon Overview and Level Annotations

Branches:
Dungeon (4/15)
 Temple: D:4-7

Altars:
Cheibriados
Elyvilon
Okawaru
Zin

Annotations:
D:2 1 runed door


Innate Abilities, Weirdness & Mutations

You reflexively headbutt those who attack you in melee.
You have a pair of horns on your head.


Message History

The magic dart hits you!
* * * LOW HITPOINT WARNING * * *
Something hits you but does no damage.
Things that are here:
a dagger; a robe; an orc corpse Something hits you but does no damage.
You barely miss something. Something hits you.
* * * LOW HITPOINT WARNING * * *
You barely miss something. Something hits you but does no damage.
You slash something! You headbutt something. Something barely misses you.
You barely miss something.
You hear some strange, mumbled words.
A puff of flame appears from out of thin air!
The puff of flame hits you!
* * * LOW HITPOINT WARNING * * *
You hit something.
You hear some strange, mumbled words.
A puff of flame appears from out of thin air!
The puff of flame hits you!
You die...

,,,,,,,,,,,,,,,,.................
,,,,,,,,,........######.#########
,,,,,,,,,........# ###..###...##
,,,,,,,,.........# #....##....[##
,,,,,,,,.........###....#(......#
***,,,,,.........##.....#.......#
,,,,,,,,.........##....##......[#
,,,,,,,,.#.......##....###.....##
,,,,,,,,........@##..### ##...##*
,,,,,,,,........{##.########'####
,,,,,,**>....#..)##.............#
,,,,,**#.......).##.†...........#
,,,,,* #.........##.............#
,,,,,###.........#####)########.#
,,,,,#...........####...## ###..#
,,,,,#............##.....###...†#
,,,,,#............#.......##....#


There were no monsters in sight!

Vanquished Creatures
  Eustachio (D:4)
  The ghost of tijit the Poker, an amateur MfSk (D:3)
  A scorpion (D:4)
  2 orc wizards (D:4)
  Jessica (D:2)
  Natasha (twice) (D:2)
  Terence (D:2)
  4 adders (D:4)
  2 oozes (D:2)
  2 worms
  7 dart slugs
  2 giant geckos
  An orc (D:4)
  5 giant cockroaches
  4 goblins
  10 hobgoblins
  5 jackals
  11 kobolds
  A quokka (D:4)
  A ball python (D:2)
  7 bats
  6 giant newts
  14 rats
91 creatures vanquished.

Notes
Turn   | Place    | Note
-------+----------+-------------------------------------------
     0 | D:1      | Ihatecarrots00 the Minotaur Berserker began the quest for the Orb.
     0 | D:1      | Reached XP level 1. HP: 19/19 MP: 0/0
   109 | D:1      | Reached XP level 2. HP: 23/27 MP: 1/1
   504 | D:1      | Reached XP level 3. HP: 26/34 MP: 2/2
  1043 | D:1      | Reached ** piety under Trog
  1192 | D:2      | Noticed Jessica
  1209 | D:2      | Found a snail-covered altar of Cheibriados.
  1214 | D:2      | Killed Jessica
  1214 | D:2      | Reached XP level 4. HP: 24/41 MP: 3/3
  1267 | D:2      | Noticed Natasha
  1275 | D:2      | Killed Natasha
  1275 | D:2      | Reached skill level 5 in Fighting
  1278 | D:2      | Noticed Terence
  1285 | D:2      | Killed Terence
  1558 | D:2      | Found a glowing silver altar of Zin.
  1564 | D:2      | Found an iron altar of Okawaru.
  1606 | D:2      | Noticed Natasha
  1618 | D:2      | Killed Natasha
  1618 | D:2      | Reached XP level 5. HP: 43/48 MP: 4/4
  1723 | D:2      | Reached skill level 5 in Axes
  1907 | D:2      | Reached *** piety under Trog
  1925 | D:2      | Found a runed door.
  2324 | D:3      | Upgraded the game from 0.19-a0-1072-g3763c35 to 0.19-a0-1099-g481dbaa
  2327 | D:3      | Found a white marble altar of Elyvilon.
  2464 | D:3      | Upgraded the game from 0.19-a0-1099-g481dbaa to 0.19-a0-1104-gecadb88
  2508 | D:3      | Found a faded altar of an unknown god.
  2508 | D:3      | Noticed tijit's ghost (amateur MfSk)
  2522 | D:3      | Killed tijit's ghost
  3002 | D:3      | Upgraded the game from 0.19-a0-1104-gecadb88 to 0.19-a0-1107-gc676ff4
  3077 | D:4      | Reached XP level 6. HP: 43/56 MP: 5/5
  3321 | D:4      | Noticed Eustachio
  3370 | D:4      | Killed Eustachio
  3370 | D:4      | Received a gift from Trog
  3829 | D:4      | Reached skill level 5 in Dodging
  3829 | D:4      | Reached skill level 1 in Stealth
  3829 | D:4      | Reached XP level 7. HP: 20/62 MP: 6/6
  3838 | D:4      | HP: 2/62 [something/puff of flame (8)]
  3839 | D:4      | Killed from afar by an orc wizard

Vault maps used:
D:1:      onia_arrival_pentagram, minmay_misc_feat_encased,
          minmay_rat_gold_closets
D:2:      kb_forest_paths, cheibriados_altar_1, grunt_temple_overflow_open,
          minmay_tree_intersection, uniq_jessica, uniq_terence,
          uniq_crazy_yiuf_cottage, uniq_natasha
D:3:      ecumenical_altar_2, elyvilon_altar_5
D:4:      minmay_opposing_rooms, uniq_eustachio

Skill      XL: |  1  2  3  4  5  6 |
---------------+-------------------+-----
Axes           | 4 5 |  5.9
Fighting       | 4 5 |  5.9
Dodging        | 3 4 5 |  5.1
Armour         | 3 |  3.6
Stealth        | 1 |  1.1

Action                   |  1- 3 |  4- 6 |  7- 9 || total
-------------------------+-------+-------+-------++-------
Melee: Hand axe          |    50 |   163 |     7 ||   220
       Headbutt          |    13 |    29 |     1 ||    43
  Use: Scroll            |       |    11 |       ||    11
  Eat: Bread ration      |     1 |     1 |       ||     2
Armor: Animal skin       |    15 |    10 |       ||    25
       Leather armour    |       |    17 |       ||    17
       Ring mail         |       |     7 |     4 ||    11
Dodge: Dodged            |    40 |   128 |     2 ||   170
